 Dungeon Crawl Stone Soup version 0.22-a0-877-g5c4e1afb51 (webtiles) character file.

10220 Ablot the Thaumaturge (level 11, -9/129 HPs)
             Began as a Gnoll Skald on July 29, 2018.
             Was a High Priest of Cheibriados.
             Engulfed by a cloud of flame (15 damage)
             ... on level 10 of the Dungeon.
             The game lasted 00:54:40 (11037 turns).

Ablot the Thaumaturge (Gnoll Skald)                Turns: 11037, Time: 00:54:41

Health: -9/129     AC: 25    Str: 26    XL:     11   Next: 58%
Magic:  16/32      EV:  2    Int: 29    God:    Cheibriados [*****.]
Gold:   588        SH:  0    Dex: 28    Spells: 8/26 levels left

rFire    . . .     SeeInvis .   h - +2 dagger (venom)
rCold    . . .     Gourm    .   (no shield)
rNeg     + + +     Faith    +   (armour currently unavailable)
rPois    +         Spirit   .   (helmet currently unavailable)
rElec    .         Reflect  .   (cloak currently unavailable)
rCorr    +         Harm     .   (gloves currently unavailable)
MR       .....     NoTele   +   (boots currently unavailable)
Stlth    ++++......             v - amulet of faith
HPRegen  1.31/turn              X - ring of magical power
MPRegen  0.23/turn              t - ring of resist corrosion

@: lethally poisoned (-9 -> -10), tree-form, singing, very slightly
contaminated, regenerating, slowed, heavily drained, very slow
A: distributed training, strong nose
a: Bend Time, Temporal Distortion, Slouch, Step From Time, Renounce Religion


You were on level 10 of the Dungeon.
You worshipped Cheibriados.
Cheibriados was extremely pleased with you.
You were very hungry.
You were a tree.
You visited 2 branches of the dungeon, and saw 12 of its levels.
You also visited: Sewer.

You collected 588 gold pieces.

Inventory:

Hand Weapons
 h - a +2 dagger of venom (weapon)
 o - a +2 short sword of freezing
 C - a +2 dire flail of holy wrath
 F - a +0 blowgun
Missiles
 a - 50 poisoned needles
 g - 6 javelins (quivered)
 x - 319 arrows
 N - 3 poisoned tomahawks
Armour
 z - +0 acid dragon scales
 K - a +0 pair of boots (melded)
 T - the +2 ring mail of Pride (melded) {rPois rF+}
   (You found it on level 10 of the Dungeon)

   It protects you from fire.
   It protects you from poison.
 Y - a +0 shield
Magical Staves
 W - an uncursed staff of wizardry
Jewellery
 b - an uncursed amulet of rage {unknown}
 k - an uncursed ring of flight
 l - an uncursed ring of fire
 t - a ring of resist corrosion (right branch)
 v - an amulet of faith (around neck)
 X - a ring of magical power (left branch)
Wands
 e - a wand of paralysis (30)
 U - a wand of iceblast (13)
Scrolls
 j - a scroll of fear
 m - a scroll of blinking
 p - 4 scrolls of enchant weapon {unknown}
 q - 10 scrolls of teleportation
 r - 3 scrolls of enchant armour {unknown}
 w - 2 scrolls of remove curse
 B - a scroll of immolation {unknown}
 D - 3 scrolls of fog {unknown}
 I - a scroll of random uselessness {unknown}
 J - a scroll of brand weapon {unknown}
 O - a scroll of amnesia {unknown}
 P - a scroll of magic mapping {unknown}
Potions
 c - a potion of resistance
 f - 4 potions of curing
 i - 3 potions of lignification
 u - 2 potions of cancellation
 G - 3 potions of berserk rage
 H - a potion of invisibility
 L - a potion of brilliance
 M - 3 potions of magic
 Q - a potion of ambrosia
 R - a potion of agility
Comestibles
 d - 21 rations


   Skills:
 + Level 7.9(6.6) Fighting
 + Level 7.9(6.6) Short Blades
 + Level 6.3(5.1) Long Blades
 + Level 6.3(5.1) Axes
 + Level 6.3(5.1) Maces & Flails
 + Level 6.3(5.1) Polearms
 + Level 6.3(5.1) Staves
 + Level 6.3(5.1) Slings
 + Level 6.3(5.1) Bows
 + Level 6.3(5.1) Crossbows
 + Level 6.3(5.1) Throwing
 + Level 6.9(5.6) Armour
 + Level 7.9(6.6) Dodging
 + Level 6.3(5.1) Stealth
 + Level 6.3(5.1) Shields
 + Level 6.3(5.1) Unarmed Combat
 + Level 8.1(6.8) Spellcasting
 + Level 5.2(4.0) Conjurations
 + Level 5.2(4.0) Hexes
 + Level 7.6(6.4) Charms
 + Level 5.2(4.0) Summonings
 + Level 5.2(4.0) Necromancy
 + Level 5.2(4.0) Translocations
 + Level 5.2(4.0) Transmutations
 + Level 5.2(4.0) Fire Magic
 + Level 5.2(4.0) Ice Magic
 + Level 5.2(4.0) Air Magic
 + Level 5.2(4.0) Earth Magic
 + Level 5.2(4.0) Poison Magic
 + Level 6.9(5.7) Invocations
 + Level 6.3(5.1) Evocations


You had 8 spell levels left.
You knew the following spells:

 Your Spells              Type           Power        Failure   Level  Hunger
a - Infusion              Chrm           ####         1%          1    None
b - Song of Slaying       Chrm           #####...     1%          2    None
c - Shroud of Golubria    Chrm/Tloc      #####.....   1%          2    None
d - Regeneration          Chrm/Necr      #####.....   1%          3    None
e - Spectral Weapon       Hex/Chrm       #####...     1%          3    None
f - Summon Lightning Spi  Summ/Air       ####....     10%         4    ##.....
g - Summon Guardian Gole  Hex/Summ       ####....     3%          3    None

Your spell library contained the following spells:

 Spells                   Type           Power        Failure   Level  Hunger
 Summon Small Mammal      Summ           ####         1%          1    None
 Summon Ice Beast         Ice/Summ       ####....     10%         4    ##.....
 Call Imp                 Summ           ####....     1%          2    None
 Call Canine Familiar     Summ           ####....     3%          3    None


Dungeon Overview and Level Annotations

Branches:
Dungeon (11/15)            Temple (1/1) D:7            Lair (0/6) D:8
    Orc: D:9-12

Altars:
Ashenzari
Cheibriados
Dithmenos
Elyvilon
Fedhas
Gozag
Hepliaklqana
Kikubaaqudgha
Makhleb
Nemelex Xobeh
Okawaru
Qazlal
Ru
Sif Muna
Trog
Uskayaw
Vehumet
Wu Jian
Xom
Yredelemnul
Zin
The Shining One

Annotations:
D:5 3 runed doors, exclusion: 3 doors, NeAGen181's ghost, novice HOFi
D:10 Sonja


Innate Abilities, Weirdness & Mutations

Your experience applies equally to all skills.
((You have very sharp teeth.))
Your uncanny sense of smell can sniff out nearby items.


Message History

The centaur warrior unwields an uncursed longbow.
The centaur warrior hits your guardian golem!
Your guardian golem explodes!
The fiery explosion engulfs the white ugly thing.
The fiery explosion engulfs you!
* * * LOW HITPOINT WARNING * * *
The fiery explosion engulfs the centaur warrior.
You feel better.
You are engulfed in blazing flames.
* * * LOW HITPOINT WARNING * * *
The centaur warrior is engulfed in blazing flames.
The white ugly thing is engulfed in blazing flames.
The white ugly thing trunk-slaps you but does no damage.
Sonja unwields an uncursed dagger of draining.
Sonja wields an uncursed blowgun.
Sonja shoots a curare-tipped needle.
The curare-tipped needle hits you.
You are poisoned.
You feel yourself slow down.
Okay, then.
You fail to use your ability.
You are engulfed in blazing flames.
You die...

...............#))...............
.############....[...............
.# #.#.[................ .#
#.#............/.†... .#
#.##................. .#
#.##................. .#
#.##.########........
.############K##.########........
................♣c§..............
..##############u################
..# #y# ..# #.#
..##############.#
.................#
#.##############.# #.# #.# ..#
#.#


You could see a white ugly thing, a centaur warrior, Sonja and a killer bee.

Vanquished Creatures
  4 two-headed ogres
  A troll (D:10)
  3 hippogriffs
  8 yaks
  A hungry ghost (D:8)
  Menkaure (D:7)
  An acid dragon (D:10)
  A water moccasin (D:8)
  Duvessa (D:7)
  A black bear (D:8)
  5 orc warriors
  3 ice beasts (D:8)
  4 sky beasts
  2 phantoms
  6 ogres
  5 centaurs
  4 big kobolds (Sewer)
  6 bullfrogs
  2 scorpions
  Dowan (D:7)
  4 killer bees
  6 wights
  5 howler monkeys
  4 crimson imps
  2 hounds
  8 orc priests
  4 jellies
  7 orc wizards
  2 bullfrog skeletons (D:10)
  A gnoll shaman (D:6)
  5 iguanas
  4 worker ants
  A killer bee zombie (D:10)
  6 gnolls
  A howler monkey skeleton (D:8)
  A worker ant zombie (D:9)
  12 adders
  5 river rats (Sewer)
  2 shadow imps
  10 oozes
  2 adder skeletons
  10 worms
  2 dart slugs (D:1)
  6 leopard geckos
  44 orcs
  3 giant cockroaches
  6 goblins
  2 hobgoblins
  15 jackals
  4 quokkas
  6 ball pythons
  9 bats
  2 frilled lizards
  A jackal skeleton (D:6)
  9 kobolds
  A leopard gecko skeleton (D:7)
  A leopard gecko zombie (D:7)
  A quokka skeleton (D:8)
  9 rats
  A spectral orc (D:2)
284 creatures vanquished.

Vanquished Creatures (collateral kills)
  4 yaks
  An ice beast (D:10)
  An orc warrior (D:10)
  A big kobold (D:9)
  A killer bee (D:11)
  2 wights (D:10)
  2 orc priests
  An orc wizard (D:9)
  A shadow imp (D:10)
  5 orcs
  3 kobolds (D:9)
22 creatures vanquished.

Vanquished Creatures (others)
  A goblin (D:3)
  7 spectral weapons
8 creatures vanquished.

Grand Total: 314 creatures vanquished

Notes
Turn   | Place    | Note
-------+----------+-------------------------------------------
     0 | D:1      | Ablot the Gnoll Skald began the quest for the Orb.
     0 | D:1      | Reached XP level 1. HP: 20/20 MP: 6/6
   175 | D:1      | Reached XP level 2. HP: 14/26 MP: 7/7
   179 | D:1      | Learned a level 2 spell: Song of Slaying
   182 | D:1      | Learned a level 2 spell: Shroud of Golubria
   772 | D:2      | Reached XP level 3. HP: 29/31 MP: 9/9
   792 | D:2      | Learned a level 3 spell: Regeneration
   796 | D:2      | Learned a level 3 spell: Spectral Weapon
   886 | D:2      | Reached skill level 5 in Spellcasting
   906 | D:2      | Found an iron altar of Okawaru.
   944 | D:2      | Reached skill level 1 in Invocations
  1123 | D:2      | Found a basalt altar of Yredelemnul.
  1173 | D:2      | Reached skill level 1 in Long Blades
  1173 | D:2      | Reached skill level 1 in Axes
  1173 | D:2      | Reached skill level 1 in Maces & Flails
  1173 | D:2      | Reached skill level 1 in Polearms
  1173 | D:2      | Reached skill level 1 in Staves
  1173 | D:2      | Reached skill level 1 in Slings
  1173 | D:2      | Reached skill level 1 in Bows
  1173 | D:2      | Reached skill level 1 in Crossbows
  1173 | D:2      | Reached skill level 1 in Throwing
  1173 | D:2      | Reached skill level 1 in Stealth
  1173 | D:2      | Reached skill level 1 in Shields
  1173 | D:2      | Reached skill level 1 in Unarmed Combat
  1173 | D:2      | Reached skill level 1 in Evocations
  1247 | D:2      | Found an ornate altar of the Wu Jian Council.
  1324 | D:2      | Reached XP level 4. HP: 35/38 MP: 11/11
  1529 | D:3      | Reached skill level 1 in Conjurations
  1529 | D:3      | Reached skill level 1 in Hexes
  1529 | D:3      | Reached skill level 1 in Summonings
  1529 | D:3      | Reached skill level 1 in Necromancy
  1529 | D:3      | Reached skill level 1 in Translocations
  1529 | D:3      | Reached skill level 1 in Transmutations
  1529 | D:3      | Reached skill level 1 in Fire Magic
  1529 | D:3      | Reached skill level 1 in Ice Magic
  1529 | D:3      | Reached skill level 1 in Air Magic
  1529 | D:3      | Reached skill level 1 in Earth Magic
  1529 | D:3      | Reached skill level 1 in Poison Magic
  1722 | D:3      | Reached XP level 5. HP: 17/43 MP: 2/12
  2480 | D:3      | Reached XP level 6. HP: 35/50 MP: 1/13
  2817 | D:4      | Reached skill level 5 in Fighting
  2817 | D:4      | Reached skill level 5 in Short Blades
  2817 | D:4      | Reached skill level 5 in Dodging
  3013 | D:4      | Found a sacrificial altar of Ru.
  3224 | D:4      | Reached XP level 7. HP: 37/56 MP: 12/15
  3334 | D:4      | Found a glowing silver altar of Zin.
  3617 | D:5      | Entered Level 5 of the Dungeon
  4195 | D:5      | Found a runed gate.
  4197 | D:5      | Found a runed gate.
  4198 | D:5      | Found a runed gate.
  4199 | D:5      | Noticed NeAGen181's ghost (novice HOFi)
  4410 | D:6      | Reached XP level 8. HP: 63/63 MP: 16/16
  4526 | D:6      | Found a glowing drain.
  4531 | Sewer    | Entered a sewer
  4748 | Sewer    | Reached skill level 6 in Spellcasting
  5375 | D:6      | Reached XP level 9. HP: 24/69 MP: 0/18
  5633 | D:6      | Found a blossoming altar of Fedhas.
  6044 | D:7      | Noticed Menkaure
  6061 | D:7      | Killed Menkaure
  6077 | D:7      | Noticed Duvessa
  6284 | D:7      | Found a staircase to the Ecumenical Temple.
  6292 | Temple   | Entered the Ecumenical Temple
  6325 | Temple   | Became a worshipper of Cheibriados the Contemplative
  6567 | D:7      | Found a shadowy altar of Dithmenos.
  6576 | D:7      | Reached skill level 5 in Armour
  7048 | D:8      | Reached skill level 5 in Invocations
  7259 | D:8      | Found an ancient bone altar of Kikubaaqudgha.
  7269 | D:8      | Reached * piety under Cheibriados
  7286 | D:8      | Found a hazy altar of Hepliaklqana.
  7475 | D:8      | Reached skill level 7 in Spellcasting
  7475 | D:8      | Reached XP level 10. HP: 50/77 MP: 13/20
  7620 | D:8      | Found a staircase to the Lair.
  7688 | D:8      | Noticed a two-headed ogre
  7709 | D:8      | Killed a two-headed ogre
  7709 | D:8      | Reached skill level 5 in Long Blades
  7709 | D:8      | Reached skill level 5 in Axes
  7709 | D:8      | Reached skill level 5 in Maces & Flails
  7709 | D:8      | Reached skill level 5 in Polearms
  7709 | D:8      | Reached skill level 5 in Staves
  7709 | D:8      | Reached skill level 5 in Slings
  7709 | D:8      | Reached skill level 5 in Bows
  7709 | D:8      | Reached skill level 5 in Crossbows
  7709 | D:8      | Reached skill level 5 in Throwing
  7709 | D:8      | Reached skill level 5 in Stealth
  7709 | D:8      | Reached skill level 5 in Shields
  7709 | D:8      | Reached skill level 5 in Unarmed Combat
  7709 | D:8      | Reached skill level 5 in Evocations
  7907 | D:7      | Noticed Dowan
  8259 | D:7      | Found a deep blue altar of Sif Muna.
  8342 | D:7      | Found a stormy altar of Qazlal.
  8359 | D:7      | Killed Dowan
  8501 | D:7      | Reached ** piety under Cheibriados
  8579 | D:7      | Killed Duvessa
  8729 | D:7      | Noticed a dagger
  8732 | D:7      | Noticed a hand axe
  8780 | D:7      | Found a hide-covered altar of Uskayaw.
  8951 | D:7      | Found a shattered altar of Ashenzari.
  9187 | D:9      | Noticed a two-headed ogre
  9309 | D:9      | Killed a two-headed ogre
  9374 | D:9      | Learned a level 4 spell: Summon Lightning Spire
  9380 | D:9      | Reached *** piety under Cheibriados
  9418 | D:9      | Reached XP level 11. HP: 22/84 MP: 2/22
  9705 | D:9      | Reached **** piety under Cheibriados
 10076 | D:10     | Entered Level 10 of the Dungeon
 10076 | D:10     | Noticed a two-headed ogre
 10089 | D:10     | Killed a two-headed ogre
 10198 | D:10     | Learned a level 3 spell: Summon Guardian Golem
 10218 | D:10     | Reached skill level 5 in Conjurations
 10218 | D:10     | Reached skill level 5 in Hexes
 10218 | D:10     | Reached skill level 5 in Summonings
 10218 | D:10     | Reached skill level 5 in Necromancy
 10218 | D:10     | Reached skill level 5 in Translocations
 10218 | D:10     | Reached skill level 5 in Transmutations
 10218 | D:10     | Reached skill level 5 in Fire Magic
 10218 | D:10     | Reached skill level 5 in Ice Magic
 10218 | D:10     | Reached skill level 5 in Air Magic
 10218 | D:10     | Reached skill level 5 in Earth Magic
 10218 | D:10     | Reached skill level 5 in Poison Magic
 10222 | D:10     | Noticed a two-headed ogre
 10241 | D:10     | Killed a two-headed ogre
 10241 | D:10     | Reached skill level 8 in Spellcasting
 10539 | D:10     | Got a spiked ring mail
 10550 | D:10     | Identified the +2 ring mail of Pride {rPois rF+} (You found it on level 10 of the Dungeon)
 10582 | D:10     | Reached ***** piety under Cheibriados
 11003 | D:11     | Noticed a centaur warrior
 11013 | D:11     | Noticed a purple ugly thing
 11016 | D:11     | Noticed Sonja
 11036 | D:10     | HP: 4/129 [something (18)]
 11037 | D:10     | Engulfed by a cloud of flame

Vault maps used:
D:1:      lemuel_arrival_rhombus
D:2:      nicolae_overflow_hidden_temple, yredelemnul_forgotten_temple_becter,
          okawaru_gym_becter, first_ration
D:3:      grunt_ministairs_7, minmay_misc_feat_columns
D:4:      marbit_many_paths, zin_statuary
D:5:      ebering_ghost_rock_garden
D:6:      nicolae_overflow_crystal_walls, portal_sewer_entry_e
D:7:      old_standard_altar, led_sif_pool, lemuel_round_altar,
          dancing_weapons_uskayaw, nicolae_dithmenos_through_a_glass_darkly,
          temple_green, uniq_duvessa, uniq_menkaure
D:8:      lemuel_crystal_altar, kennysheep_little_box, lair_entry_dummy,
          hangedman_little_slice_of_home
D:11:     minmay_orc_entry_temple_small, uniq_sonja
Temple:   compressed_dpeg_triangle_lava_temple
Sewer:    sewer_co_tree

Skill      XL: |  1  2  3  4  5  6  7  8  9 10 11 |
---------------+----------------------------------+-----
Spellcasting   | 5 6 7 8 |  8.1
Invocations    | 1 2 3 4 5 6 |  6.9
Long Blades    | 1 2 3 4 5 6 |  6.3
Axes           | 1 2 3 4 5 6 |  6.3
Maces & Flails | 1 2 3 4 5 6 |  6.3
Polearms       | 1 2 3 4 5 6 |  6.3
Staves         | 1 2 3 4 5 6 |  6.3
Slings         | 1 2 3 4 5 6 |  6.3
Bows           | 1 2 3 4 5 6 |  6.3
Crossbows      | 1 2 3 4 5 6 |  6.3
Throwing       | 1 2 3 4 5 6 |  6.3
Stealth        | 1 2 3 4 5 6 |  6.3
Shields        | 1 2 3 4 5 6 |  6.3
Unarmed Combat | 1 2 3 4 5 6 |  6.3
Evocations     | 1 2 3 4 5 6 |  6.3
Conjurations   | 1 2 3 4 5 |  5.2
Hexes          | 1 2 3 4 5 |  5.2
Summonings     | 1 2 3 4 5 |  5.2
Necromancy     | 1 2 3 4 5 |  5.2
Translocations | 1 2 3 4 5 |  5.2
Transmutations | 1 2 3 4 5 |  5.2
Fire Magic     | 1 2 3 4 5 |  5.2
Ice Magic      | 1 2 3 4 5 |  5.2
Air Magic      | 1 2 3 4 5 |  5.2
Earth Magic    | 1 2 3 4 5 |  5.2
Poison Magic   | 1 2 3 4 5 |  5.2
Armour         | 3 4 5 6 |  6.9
Fighting       | 5 6 7 |  7.9
Short Blades   | 5 6 7 |  7.9
Dodging        | 5 6 7 |  7.9
Charms         | 6 7 |  7.6

Action                   |  1- 3 |  4- 6 |  7- 9 | 10-12 || total
-------------------------+-------+-------+-------+-------++-------
Melee: Dagger            |    86 |   175 |   551 |   445 ||  1257
       Short sword       |     6 |       |       |       ||     6
       Bite              |    10 |    24 |    67 |    87 ||   188
       Punch             |       |     1 |    11 |    25 ||    37
Throw: Javelin           |       |       |     2 |     1 ||     3
 Cast: Song of Slaying   |     1 |     5 |     8 |     9 ||    23
       Regeneration      |       |    10 |    21 |    16 ||    47
       Spectral Weapon   |       |     2 |    19 |    16 ||    37
       Shroud of Golubri |       |     3 |    21 |    21 ||    45
       Infusion          |       |     2 |     8 |     6 ||    16
       Summon Lightning  |       |       |       |    12 ||    12
       Summon Guardian G |       |       |       |     6 ||     6
Evoke: Wand              |       |       |       |     3 ||     3
  Use: Scroll            |       |       |     7 |    10 ||    17
       Potion            |       |       |     2 |     5 ||     7
 Stab: Sleeping          |     2 |     2 |     4 |     9 ||    17
       Distracted        |       |       |     4 |     9 ||    13
  Eat: Chunk             |     1 |     8 |    19 |     6 ||    34
Armor: Leather armour    |    19 |    23 |    51 |    35 ||   128
       Skin              |       |       |       |    37 ||    37
       Ring mail         |       |       |       |    16 ||    16
Dodge: Dodged            |    75 |    80 |   274 |   267 ||   696
Block: Other             |     3 |     9 |    15 |     6 ||    33
       Reflection        |     1 |       |       |       ||     1

Table legend:
 A = Spawn XP
 B = Non-spawn XP
 C = Spawn XP percentage of total XP
 D = Spawn monster count
 E = Non-spawn monster count
 F = Spawn count percentage of total count
 G = Total turns spent on level
                    A         B        C        D         E        F      G
               +---------+---------+-------+---------+---------+-------+---------
         Total |       0 |   14601 |   0.0 |       0 |     306 |   0.0 | 11037
               +---------+---------+-------+---------+---------+-------+---------
           D:1 |       0 |      30 |   0.0 |       0 |      14 |   0.0 |   635
           D:2 |       0 |      57 |   0.0 |       0 |      19 |   0.0 |   788
           D:3 |       0 |     289 |   0.0 |       0 |      39 |   0.0 |  1358
           D:4 |       0 |     285 |   0.0 |       0 |      18 |   0.0 |   836
           D:5 |       0 |     537 |   0.0 |       0 |      11 |   0.0 |   772
           D:6 |       0 |     952 |   0.0 |       0 |      29 |   0.0 |  1078
           D:7 |       0 |    1920 |   0.0 |       0 |      36 |   0.0 |  1199
           D:8 |       0 |    2731 |   0.0 |       0 |      40 |   0.0 |  1533
           D:9 |       0 |    3151 |   0.0 |       0 |      35 |   0.0 |   929
          D:10 |       0 |    3674 |   0.0 |       0 |      29 |   0.0 |   934
          D:11 |       0 |     446 |   0.0 |       0 |       8 |   0.0 |    27
         Sewer |       0 |     529 |   0.0 |       0 |      28 |   0.0 |   688
               +---------+---------+-------+---------+---------+-------+---------
